 Dungeon Crawl Stone Soup version 0.26.1-11-gd32895ea62 (webtiles) character file.

Game seed: 6169958287464113684

11179 ABBCCCDDDD the Covert (level 11, -13/89 HPs)
             Began as a Vampire Enchanter on July 6, 2021.
             Was an Elder of Dithmenos.
             Killed from afar by a frost giant (61 damage)
             ... with a bolt of cold
             ... on level 11 of the Dungeon.
             The game lasted 01:03:21 (15201 turns).

ABBCCCDDDD the Covert (Vampire Enchanter)          Turns: 15201, Time: 01:03:22

Health: -13/89     AC: 15    Str:  8    XL:     11   Next: 45%
Magic:  17/17      EV: 29    Int: 21    God:    Dithmenos [****..]
Gold:   475        SH:  0    Dex:  9    Spells: 9/18 levels left

rFire    . . .     SeeInvis +   W - +6 dagger of the Unliving {chaos, +Rage Dex-5 Stlth+}
rCold    . . .     Faith    .   (no shield)
rNeg     . . .     Spirit   .   G - +0 leather armour {Will+}
rPois    .         Reflect  .   A - +0 helmet
rElec    .         Harm     .   D - +1 cloak {Will+}
rCorr    .         Rampage  .   M - +0 pair of gloves
Will     ++++.                  i - +2 pair of boots
Stlth    ++++++++..             V - amulet of the acrobat
HPRegen  0.44/turn              c - +4 ring of protection
MPRegen  0.15/turn              l - ring of willpower

@: acrobat, regenerating quickly, wreathed by umbra, studying 2 skills
A: fangs 3, see invisible, deterioration 1, unbreathing
a: Exsanguinate, Renounce Religion, Evoke Berserk Rage, Shadow Step


You were on level 11 of the Dungeon.
You worshipped Dithmenos.
Dithmenos was greatly pleased with you.
You visited 2 branches of the dungeon, and saw 12 of its levels.
You also visited: Sewer and Gauntlet.

You collected 475 gold pieces.

Inventory:

Hand Weapons
 t - a +0 demon trident
 I - a +4 scimitar
 Q - the cursed +1 spear of Asium {flame, rPois Int+2}
   (You found it on level 10 of the Dungeon)

   It has been specially enchanted to burn those struck by it, causing extra
   injury to most foes and up to half again as much damage against particularly
   susceptible opponents.
   It affects your intelligence (+2).
   It protects you from poison.
   It has a curse placed upon it.
 R - a +2 dagger of venom
 W - the +6 dagger of the Unliving (weapon) {chaos, +Rage Dex-5 Stlth+}
   (You took it off Blork the orc on level 5 of the Dungeon)

   Each time it hits an enemy it has a different, random effect.
   It affects your dexterity (-5).
   It lets you go berserk.
   It makes you more stealthy.
Missiles
 u - 15 boomerangs
 w - 29 poisoned darts
 U - 5 throwing nets
Armour
 b - a +3 leather armour
 i - a +2 pair of boots (worn)
 n - a +3 ring mail of fire resistance
 A - a +0 helmet (worn)
 D - a +1 cloak of willpower (worn)
 G - a +0 leather armour of willpower (worn)
 H - a +0 ring mail of fire resistance
 M - a +0 pair of gloves (worn)
Jewellery
 c - a +4 ring of protection (left hand)
 l - a ring of willpower (right hand)
 V - an amulet of the acrobat (around neck)
Wands
 f - a wand of acid (3)
 p - a wand of random effects (20)
 F - a wand of polymorph (5)
 L - a wand of flame (25)
 P - a wand of paralysis (7)
 Z - a wand of digging (3)
Scrolls
 j - 6 scrolls of enchant weapon
 o - a scroll of torment {unknown}
 q - a scroll of enchant armour
 r - 4 scrolls of teleportation
 v - 3 scrolls of fog
 y - 2 scrolls of blinking
 E - 2 scrolls of immolation
 J - a scroll of acquirement {unknown}
 K - a scroll of vulnerability {unknown}
 T - a scroll of random uselessness {unknown}
 X - a scroll of fear {unknown}
 Y - 2 scrolls of magic mapping
Potions
 d - 3 potions of attraction
 e - a potion of lignification
 g - 7 potions of curing
 h - 3 potions of brilliance
 m - 2 potions of berserk rage
 s - 2 potions of might {unknown}
 x - 4 potions of heal wounds {unknown}
 z - 3 potions of mutation
 B - a potion of invisibility {unknown}
 C - 2 potions of resistance {unknown}
 N - a potion of degeneration {unknown}
 O - a potion of flight {unknown}
Books
 a - a manual of
Armour
 k - a manual of Fighting
Miscellaneous
 S - a tin of tremorstones (2/2)


   Skills:
 + Level 9.6 Fighting
 - Level 1.1 Short Blades
 + Level 5.6 Armour
 - Level 8.0 Dodging
 - Level 11.0 Stealth
 - Level 4.0 Spellcasting
 - Level 3.0 Conjurations
 - Level 6.0 Hexes
 - Level 3.0 Translocations
 - Level 4.0 Ice Magic
 - Level 2.0 Invocations
 + Level 5.4 Evocations


You had 9 spell levels left.
You knew the following spells:

 Your Spells              Type           Power        Failure   Level
a - Corona                Hex            32%          1%          1
b - Ensorcelled Hibernat  Hex/Ice        50%          3%          2
c - Tukima's Dance        Hex            29%          4%          3
d - Magic Dart            Conj           64%          4%          1
e - Blink                 Tloc           N/A          7%          2

Your spell library contained the following spells:

 Spells                   Type           Power        Failure   Level
 Slow                     Hex            29%          1%          2
 Apportation              Tloc           32%          4%          1
 Confusing Touch          Hex            29%          4%          3
 Dazzling Flash           Conj/Hex       46%          8%          3
 Foxfire                  Conj/Fire      40%          9%          1
 Inner Flame              Hex/Fire       16%          14%         3
 Animate Skeleton         Necr           8%           16%         1
 Beastly Appendage        Tmut           8%           16%         1
 Summon Small Mammal      Summ           16%          16%         1
 Call Imp                 Summ           4%           24%         2
 Wereblood                Tmut           4%           24%         2
 Conjure Flame            Conj/Fire      10%          26%         3
 Mephitic Cloud           Conj/Pois/Air  8%           32%         3
 Call Canine Familiar     Summ           4%           43%         3
 Spider Form              Tmut/Pois      2%           43%         3
 Ice Form                 Ice/Tmut       12%          56%         4
 Sticky Flame             Conj/Fire      10%          65%         4
 Fireball                 Conj/Fire      5%           94%         5
 Blade Hands              Tmut           2%           99%         5
 Malign Gateway           Summ/Tloc      5%           100%        7
 Spellforged Servitor     Conj/Summ      5%           100%        7
 Summon Hydra             Summ           2%           100%        7


Dungeon Overview and Level Annotations

Branches:
Dungeon (11/15)            Temple (1/1) D:5             Orc (0/2) D:11
  Sewer (visited)         Gauntlet (visited)
   Lair: D:8-11

Altars:
Ashenzari
Cheibriados
Dithmenos
Elyvilon
Fedhas
Gozag
Hepliaklqana
Kikubaaqudgha
Makhleb
Nemelex Xobeh
Okawaru
Qazlal
Ru
Sif Muna
Trog
Uskayaw
Vehumet
Wu Jian
Xom
Zin
The Shining One

Shops:
D:5 [

Annotations:
D:2 Crazy Yiuf
D:8 Gastronok
D:9 exclusion: upstairs
D:11 Tramtrist's ghost, novice FeBe


Innate Abilities, Weirdness & Mutations

Your natural rate of healing is unusually fast.
You have razor-sharp teeth.
You have supernaturally acute eyesight. (SInv)
You can survive without breathing.
Your body sometimes deteriorates upon taking damage.


Message History

A frost giant comes into view.
It is wielding a +2 battleaxe of freezing.
The frost giant shouts!
The frost giant gestures at you while chanting.
The bolt of cold misses you.
You see here a scroll of immolation.
Unknown command.
Casting: Ensorcelled Hibernation (safe; 3% risk of failure)
Confirm with . or Enter, or press ? or * to list all spells.
Okay, then.
The frost giant casts a spell at you. The bolt of cold misses you.
There is an open translucent door here.
The frost giant gestures at you while chanting.
The bolt of cold hits you!!
The frost giant gestures at you while chanting.
The bolt of cold hits you!!
The frost giant points at you and mumbles some strange words.
The bolt of cold hits you!!!
Ouch! That really hurt!
You die...

#§§§#§## #.# #.#..(.# #.#
#§§§§§§## #.# #.#.##.###.#
#§§§#§§§# #.#####.#.##.....#
#######§####.......#.########
#§C........(.#.#
#####.#####(##.# #.# #(##.#
#####.#####.##.###
#.........@......#
#.###C####...###.##### ###.#
#.# #...# #.....# #...# #.#
#.#.###.###.# ###...###C#
##[#.....###.#
#.......#.#*#...##.......#
#..>......#,.>......######
#.......###.#...#........#
###.(.#####.##.*#.#.####.#


You could see a frost giant.

Vanquished Creatures
  A two-headed ogre (D:11)
  A shining eye (Gauntlet)
  Psyche (D:8)
  4 centaur skeletons (D:10)
  2 trolls (D:11)
  A slime creature (D:8)
  Sigmund (D:2)
  A wraith (D:11)
  2 wyverns (D:8)
  6 yaks (D:11)
  A golden eye (Gauntlet)
  2 fire elementals (Gauntlet)
  Grum (D:11)
  A water moccasin (Sewer)
  3 orc warriors
  3 ice beasts
  A sky beast (D:5)
  An eye of draining (D:11)
  A black bear (D:8)
  A phantom (D:6)
  7 ogres
  A necrophage (D:7)
  5 wolves
  4 centaurs
  2 big kobolds
  8 bullfrogs
  Blork the orc (D:5)
  2 gnoll sergeants
  A water moccasin zombie (D:9)
  3 scorpions
  18 killer bees
  4 wights
  2 howler monkeys (D:8)
  A crimson imp (D:10)
  A bullfrog zombie (D:8)
  A centaur zombie (D:8)
  7 hounds
  5 jellies
  3 orc priests
  2 gnoll shamans
  6 orc wizards
  A bullfrog skeleton (D:8)
  4 iguanas
  13 worker ants
  A killer bee zombie (D:5)
  A mummy (D:8)
  3 worker ant zombies
  31 gnolls
  2 howler monkey skeletons
  8 adders
  2 shadow imps
  3 white imps
  2 ufetubi
  An ooze (D:4)
  A worm (D:2)
  6 dart slugs
  6 leopard geckos
  40 orcs
  12 giant cockroaches
  5 goblins
  5 hobgoblins
  15 jackals
  5 quokkas
  A ball python (D:3)
  5 bats
  3 frilled lizards
  A jackal skeleton (D:4)
  13 kobolds
  3 kobold zombies (D:8)
  A leopard gecko zombie (D:6)
  An orc zombie (D:8)
  A quokka skeleton (D:5)
  7 rats
322 creatures vanquished.

Vanquished Creatures (collateral kills)
  4 wights
  An orc (D:8)
5 creatures vanquished.

Vanquished Creatures (others)
  A dancing weapon (D:10)
  48 plants (D:8)
49 creatures vanquished.

Grand Total: 376 creatures vanquished

Notes
Turn   | Place    | Note
-------+----------+-------------------------------------------
     0 | D:1      | ABBCCCDDDD the Vampire Enchanter began the quest for the
                  | Orb.
     0 | D:1      | Reached XP level 1. HP: 13/13 MP: 3/3
   235 | D:1      | Reached skill level 5 in Stealth
   235 | D:1      | Reached XP level 2. HP: 15/19 MP: 5/5
   288 | D:1      | Reached skill level 5 in Hexes
   831 | D:2      | Reached XP level 3. HP: 23/24 MP: 6/6
   847 | D:2      | Learned a level 2 spell: Ensorcelled Hibernation
   905 | D:2      | Found a runed translucent door.
   910 | D:2      | Noticed Crazy Yiuf
  1465 | D:2      | Reached skill level 1 in Fighting
  1465 | D:2      | Reached skill level 6 in Stealth
  1465 | D:2      | Reached XP level 4. HP: 32/32 MP: 2/7
  1629 | D:2      | Noticed Sigmund
  2051 | D:3      | Reached XP level 5. HP: 6/38 MP: 3/8
  2233 | D:3      | Found a glowing golden altar of the Shining One.
  2466 | D:3      | Learned a level 3 spell: Tukima's Dance
  2557 | D:3      | Reached skill level 7 in Stealth
  2914 | D:4      | Found an iron altar of Okawaru.
  2920 | D:4      | Noticed an ogre
  2977 | D:4      | Noticed a +0 hand axe
  2978 | D:4      | Found a hide-covered altar of Uskayaw.
  2979 | D:4      | Noticed a +0 hand axe
  2985 | D:4      | Killed an ogre
  2986 | D:4      | Reached skill level 8 in Stealth
  2986 | D:4      | Reached XP level 6. HP: 47/47 MP: 4/9
  3292 | D:4      | Found a glowing drain.
  3296 | Sewer    | Entered a sewer
  3516 | Sewer    | Noticed a water moccasin
  3522 | Sewer    | Killed a water moccasin
  3523 | Sewer    | Reached skill level 9 in Stealth
  3523 | Sewer    | Reached XP level 7. HP: 53/53 MP: 5/10
  3996 | D:5      | Entered Level 5 of the Dungeon
  4226 | D:5      | Reached skill level 10 in Stealth
  4348 | D:5      | Reached skill level 5 in Fighting
  4563 | D:5      | Found Lywop's Armour Emporium.
  4791 | D:4      | Reached XP level 8. HP: 62/62 MP: 0/11
  4909 | D:5      | Reached skill level 11 in Stealth
  4911 | D:5      | Identified the +6 dagger of the Unliving {chaos, +Rage
                  | Dex-5 Stlth+}
  4911 | D:5      | Noticed Blork the orc
  4971 | D:5      | Found a staircase to the Ecumenical Temple.
  4985 | Temple   | Entered the Ecumenical Temple
  5154 | Temple   | Became a worshipper of Dithmenos the Shadowed
  5681 | D:6      | Reached skill level 1 in Ice Magic
  7159 | D:6      | Reached * piety under Dithmenos
  7160 | D:6      | Reached XP level 9. HP: 55/55 MP: 14/14
  7267 | D:6      | Found an ancient bone altar of Kikubaaqudgha.
  7276 | D:6      | Found a radiant altar of Vehumet.
  7693 | D:7      | Reached skill level 5 in Dodging
  8193 | D:8      | Reached skill level 1 in Evocations
  8237 | D:8      | Reached skill level 1 in Invocations
  8579 | D:8      | Noticed Gastronok
  8885 | D:9      | Got a scorched bardiche
  9118 | D:9      | Reached ** piety under Dithmenos
  9337 | D:10     | Entered Level 10 of the Dungeon
  9415 | D:10     | Reached XP level 10. HP: 63/63 MP: 16/16
  9419 | D:10     | Got a bloodstained spear
  9515 | D:10     | Identified the cursed +1 spear of Asium {flame, rPois
                  | Int+2} (You found it on level 10 of the Dungeon)
  9530 | D:10     | Noticed a death yak
  9530 | D:10     | Noticed a death yak
  9530 | D:10     | Noticed a death yak
 10438 | D:8      | Reached *** piety under Dithmenos
 10580 | D:8      | Noticed Psyche
 10584 | D:8      | Killed Psyche
 10585 | D:8      | Reached skill level 1 in Armour
 10588 | D:8      | Noticed a seven-headed hydra
 10900 | D:8      | Learned a level 1 spell: Magic Dart
 10907 | D:8      | Learned a level 2 spell: Blink
 11392 | D:5      | Identified the +5 bardiche of the Sky {chaos, rPois SInv}
                  | (You found it on level 9 of the Dungeon)
 11729 | D:5      | Killed Blork the orc
 12062 | D:2      | Killed Sigmund
 12246 | D:8      | Reached skill level 1 in Translocations
 12381 | D:9      | Reached skill level 1 in Conjurations
 12594 | D:10     | Reached skill level 5 in Evocations
 13077 | D:11     | Reached XP level 11. HP: 69/69 MP: 0/17
 13096 | D:11     | Noticed a two-headed ogre
 13098 | D:11     | Found a gate leading to a gauntlet.
 13108 | Gauntlet | Entered a Gauntlet
 13108 | Gauntlet | Found a transporter.
 13108 | Gauntlet | Found a transporter.
 13108 | Gauntlet | Found a transporter.
 13108 | Gauntlet | Noticed a shining eye
 13108 | Gauntlet | Noticed a tengu warrior
 13189 | Gauntlet | Found a transporter.
 13192 | Gauntlet | Found a transporter.
 13193 | Gauntlet | Found a transporter.
 13199 | Gauntlet | Noticed a ghost crab
 13206 | Gauntlet | Found a transporter.
 13212 | Gauntlet | Found a transporter.
 13216 | Gauntlet | Found a transporter.
 13217 | Gauntlet | Found a transporter.
 13220 | Gauntlet | Found a transporter.
 13244 | Gauntlet | Found a transporter.
 13449 | Gauntlet | Gained mutation: Your body sometimes deteriorates upon
                  | taking damage. [a shining eye]
 13451 | Gauntlet | Killed a shining eye
 13507 | Gauntlet | Got a glimmering helmet
 13513 | Gauntlet | Identified the -7 helmet of Hautodgh {rN+ Int+2} (You found
                  | it in a Gauntlet)
 13935 | Gauntlet | Identified the +4 flail of a Thousand Shrikes {protect,
                  | Will++ Int+3}
 13935 | Gauntlet | Noticed a minotaur
 13967 | Gauntlet | Identified the Papyrus of Companions
 14014 | D:11     | Killed a two-headed ogre
 14074 | D:11     | Found a staircase to the Orcish Mines.
 14074 | D:11     | Noticed Grum
 14095 | D:11     | Killed Grum
 14096 | D:11     | Reached skill level 5 in Armour
 14473 | D:11     | Reached **** piety under Dithmenos
 14606 | D:11     | Found a runed translucent door.
 14609 | D:11     | Noticed Tramtrist's ghost (novice FeBe)
 15169 | D:11     | Noticed a frost giant
 15201 | D:11     | Killed from afar by a frost giant

Illustrated notes

Levels and vault maps discovered:
D:1:      minmay_arrival_glassed_features, layout_basic, minivault_24
D:2:      layout_rooms, kennysheep_generic_room_10, uniq_sigmund,
          uniq_crazy_yiuf_cottage
D:3:      layout_loops_ring, nicolae_overflow_crystal_walls, kennysheep_nub,
          kennysheep_doodads
D:4:      layout_basic, kennysheep_okawaru_gauntlet, dancing_weapons_uskayaw,
          gup_sewer_entry_bowl, grunt_ministairs_12
D:5:      layout_cave_pools, minmay_temple_entry_sparse_star, serial_gnoll_camp,
          gnoll_camp_mini_shop, gnoll_camp_mini_loothouse, gnoll_camp_mini_hut,
          gnoll_camp_medium_02, kennysheep_generic_room_11, uniq_blork_the_orc
D:6:      layout_loops_ring, nicolae_overflow_hidden_temple,
          amethyst_overflow_temple_binary
D:7:      layout_cave_pools
D:8:      nzn_winding_woodlands_large [nzn_winding_woodlands_5x5_cross,
          nzn_winding_woodlands_5x15_jagged, nzn_winding_woodlands_5x5_three,
          nzn_winding_woodlands_center_garden,
          nzn_winding_woodlands_15x15_five_gardens,
          nzn_winding_woodlands_center_diamonds,
          nzn_winding_woodlands_5x5_perimeter,
          nzn_winding_woodlands_5x15_concentric,
          nzn_winding_woodlands_5x5_checkerboard], layout_basic, serial_curves,
          eino_curves_01, eino_curves_02, eino_curves_01, eino_curves_02,
          minmay_mini_ossuary, uniq_gastronok, uniq_psyche
D:9:      layout_irregular_city
D:10:     layout_stronghold, dpeg_lair_monsters, serial_shops, kennysheep_mini
D:11:     layout_loops_ring, orc_0_dummy, gauntlet_entry_generic,
          ebering_ghost_inner_flame, uniq_grum
Temple:   regret_index_temple_sphere_string

Skill      XL: |  1  2  3  4  5  6  7  8  9 10 11 |
---------------+----------------------------------+-----
Stealth        | 5 6 8 9 10 11 | 11.0
Hexes          | 5 6 |  6.0
Fighting       | 1 3 5 6 7 8 9 |  9.6
Ice Magic      | 3 4 |  4.0
Dodging        | 4 7 8 |  8.0
Spellcasting   | 3 4 |  4.0
Evocations     | 3 5 |  5.4
Invocations    | 2 |  2.0
Armour         | 3 5 |  5.6
Translocations | 2 3 |  3.0
Conjurations   | 1 3 |  3.0
Short Blades   | |  1.1

Action                   |  1- 3 |  4- 6 |  7- 9 | 10-12 || total
-------------------------+-------+-------+-------+-------++-------
Melee: Dagger            |   135 |   137 |   243 |   367 ||   882
       Bite              |    16 |     9 |    25 |    27 ||    77
       Spear             |       |    33 |    60 |       ||    93
       Scimitar          |       |       |    51 |    20 ||    71
 Cast: Ensorcelled Hiber |    12 |    39 |   112 |   112 ||   275
       Corona            |       |       |     5 |     2 ||     7
       Tukima's Dance    |       |       |    12 |     5 ||    17
       Magic Dart        |       |       |       |     2 ||     2
 Abil: Exsanguinate      |       |       |     1 |     1 ||     2
       Revivify          |       |       |       |     2 ||     2
Evoke: Wand              |       |       |       |     5 ||     5
  Use: Scroll            |     3 |     2 |     9 |     6 ||    20
       Potion            |       |       |     2 |     3 ||     5
 Stab: Sleeping          |     4 |    30 |    84 |    66 ||   184
       Distracted        |       |       |     2 |       ||     2
       Paralysed         |       |       |       |     4 ||     4
Armor: Robe              |    36 |    74 |    27 |       ||   137
       Leather armour    |       |       |   105 |   111 ||   216
Dodge: Dodged            |    93 |   114 |   293 |   295 ||   795
       Rpst.: Scimitar   |       |       |    22 |     6 ||    28
